 Dungeon Crawl Stone Soup version 0.15-a0-2291-g2252c12 (webtiles) character file.

383 fransbal the Gusty (level 6, -7/45 HPs)
             Began as a Demigod Air Elementalist on July 26, 2014.
             Mangled by Likado's ghost (10 damage)
             ... in an ossuary on July 27, 2014.
             The game lasted 00:18:20 (4510 turns).

fransbal the Gusty (Demigod Air Elementalist)       Turns: 4510, Time: 00:18:20

HP  -7/45        AC  2     Str 12      XL: 6   Next: 22%
MP  13/17        EV 16     Int 22      God:
Gold 210         SH  0     Dex 17      Spells:  4 memorised,  4 levels left

rFire  . . .     SeeInvis .     u - +0 dagger (drain)
rCold  . . .     Clarity  .     a - +0 robe
rNeg   . . .     rCorr    .     (no shield)
rPois  .         rRot     .     (no helmet)
rElec  .         Spirit   .     (no cloak)
SustAb .         Warding  .     (no gloves)
rMut   .         Stasis   .     (no boots)
Gourm  .                        (no amulet)
MR     .....                    p - +4 ring of evasion
                                d - ring of wizardry

@: lethally poisoned, sluggish, repel missiles, very slow, not resistant to
hostile enchantments, unstealthy
A: no striking features
a: no special abilities


You were in an ossuary.
You were not hungry.

You visited 1 branch of the dungeon, and saw 5 of its levels.
You also visited: Ossuary.

You collected 210 gold pieces.


   Skills:
 - Level 1.7 Dodging
 - Level 1.7 Stealth
 + Level 3.6 Spellcasting
 + Level 3.5 Conjurations
 + Level 4.2 Air Magic


You had 4 spell levels left.
You knew the following spells:

 Your Spells              Type           Power        Failure   Level  Hunger
a - Shock                 Conj/Air       ###.         1%          1    None
b - Static Discharge      Conj/Air       ###.....     4%          3    ###....
r - Repel Missiles        Chrm/Air       ##....       4%          2    #......
s - Swiftness             Chrm/Air       ##......     4%          2    #......

Inventory:

Hand weapons
 e - a +0 dagger
 k - a +1 blowgun
 u - a +0 dagger of draining (weapon)
Missiles
 h - 6 curare-tipped needles
Armour
 a - a +0 robe (worn)
 o - a +0 pair of boots
Magical devices
 s - a wand of frost (11)
 v - a wand of paralysis (12)
 w - a wand of magic darts (8)
 x - a wand of slowing (6)
 y - a wand of confusion (13)
Comestibles
 c - 2 bread rations
 f - a beef jerky
 q - 2 meat rations
 r - a rotting chunk of orc flesh
Scrolls
 l - 2 scrolls of recharging
 A - 2 scrolls of identify
 B - a scroll of enchant weapon
 C - a scroll of remove curse
Jewellery
 d - a ring of wizardry (left hand)
 p - a +4 ring of evasion (right hand)
Potions
 j - a potion of lignification {unknown}
 m - a potion of poison
 t - a potion of brilliance {unknown}
 z - a potion of mutation {unknown}
Books
 b - a book of Air

   Spells                             Type                      Level
   *Shock                             Conjuration/Air              1
   *Swiftness                         Charms/Air                   2
   *Repel Missiles                    Charms/Air                   2
   Flight                             Charms/Air                   3
   *Static Discharge                  Conjuration/Air              3
   Lightning Bolt                     Conjuration/Air              5


Message History

The puff of frost hits Likado's ghost.
Likado's ghost appears unharmed.
Likado's ghost is heavily damaged.
Likado's ghost hits you!
Evoke which item? (* to show all) (? for menu, Esc to quit)
Zapping:
s - a wand of frost {zapped: 6}
Press: ? - help, Shift-Dir - straight line, f/p - Likado's ghost
Aim: Likado's ghost (heavily damaged)
The puff of frost misses Likado's ghost.
You feel sick. Likado's ghost hits you!
* * * LOW HITPOINT WARNING * * *
Evoke which item? (* to show all) (? for menu, Esc to quit)
Zapping:
s - a wand of frost {zapped: 7}
Press: ? - help, Shift-Dir - straight line, f/p - Likado's ghost
Aim: Likado's ghost (heavily damaged)
The puff of frost hits Likado's ghost.
Likado's ghost is heavily damaged.
You start to feel a little faster.
* * * LOW HITPOINT WARNING * * *
You feel sick. Likado's ghost hits you!
You die...

#### ### ####..## ##.##
##......## #...##
##.####...# ##....#
#..#.#....##### ##..\..#
#..........#..## ##......#
#............#.###.......#
##........@.###...#...\..#
##......W#.# ######.....#
##.....#### ###...#
##...## ##.## ###'### ##
#.'.'.# ###W### #.'.'.#
###.###


You could see Likado's ghost.

Vanquished Creatures
  Blork the orc (D:4)
  A wight (Ossuary)
  A hound (D:4)
  3 worker ants
  An orc wizard (D:3)
  4 gnolls (D:4)
  An adder (D:3)
  A worm (D:4)
  An adder zombie (Ossuary)
  A giant gecko (D:2)
  3 oozes
  6 orcs (D:3)
  4 giant cockroaches
  8 hobgoblins
  8 kobolds
  A quokka (D:4)
  2 ball pythons
  4 ball python skeletons (Ossuary)
  11 bats
  4 giant newts
  10 goblins
  2 hobgoblin skeletons (Ossuary)
  4 jackals (D:2)
  An orc skeleton (Ossuary)
  12 rats
95 creatures vanquished.

Notes
Turn   | Place    | Note
--------------------------------------------------------------
     0 | D:1      | fransbal, the Demigod Air Elementalist, began the quest for the Orb.
     0 | D:1      | Reached XP level 1. HP: 14/14 MP: 3/3
   187 | D:1      | Reached skill level 1 in Conjurations
   651 | D:1      | Upgraded the game from 0.15-a0-2254-ga39016e to 0.15-a0-2291-g2252c12
   726 | D:1      | Reached XP level 2. HP: 20/20 MP: 3/5
   751 | D:1      | Reached skill level 3 in Air Magic
   755 | D:1      | Learned a level 2 spell: Repel Missiles
   758 | D:1      | Learned a level 2 spell: Swiftness
  1761 | D:2      | Found a radiant altar of Vehumet.
  1761 | D:2      | Found a shimmering altar of Xom.
  1834 | D:2      | Found a shattered altar of Ashenzari.
  1836 | D:2      | OOOOOOOOOooo
  1998 | D:2      | Reached XP level 3. HP: 23/26 MP: 0/8
  2625 | D:3      | Found a shattered altar of Ashenzari.
  2722 | D:3      | Paralysed by an orc for 6 turns
  2948 | D:3      | Reached XP level 4. HP: 26/33 MP: 5/11
  2958 | D:3      | Learned a level 3 spell: Static Discharge
  3546 | D:4      | Reached skill level 3 in Spellcasting
  3625 | D:4      | Reached XP level 5. HP: 38/38 MP: 10/14
  3707 | D:4      | Found a bloodstained altar of Trog.
  3759 | D:4      | Reached skill level 3 in Conjurations
  3827 | D:4      | Noticed Eustachio
  4136 | D:4      | Noticed Blork the orc
  4154 | D:4      | Killed Blork the orc
  4154 | D:4      | Reached skill level 4 in Air Magic
  4165 | D:4      | Found a deep blue altar of Sif Muna.
  4185 | D:5      | Entered Level 5 of the Dungeon
  4194 | D:5      | Reached XP level 6. HP: 45/45 MP: 0/17
  4359 | D:5      | Found a sand-covered staircase.
  4372 | Ossuary  | Entered an ossuary
  4467 | Ossuary  | Noticed Likado's ghost (experienced DsDK)
  4483 | Ossuary  | HP: 1/45 [Likado's ghost (10)]
  4502 | Ossuary  | HP: 6/45 [Likado's ghost (5)]
  4509 | Ossuary  | HP: 3/45 [Likado's ghost (10)]
  4510 | Ossuary  | Mangled by Likado's ghost

Vault maps used:
D:1:      dpeg_arrival_circle_labyrinth_c, minmay_misc_feat_columns,
          hangedman_decor_slide_cut
D:2:      gammafunk_temple_overflow_statue, evilmike_ruin_ashenzari
D:3:      lemuel_crystal_altar
D:4:      tgw_sif, trog_three_pillars_becter, uniq_eustachio
D:5:      okawaru_trees_1, first_bread, nicolae_ossuary_entry_monument,
          baited_tele_trap
Ossuary:  ossuary_due_cavern

Action                   |  1- 3 |  4- 6 || total
-------------------------+-------+-------++-------
Melee: Dagger            |    42 |    34 ||    76
 Cast: Shock             |   119 |    98 ||   217
       Repel Missiles    |     1 |       ||     1
       Static Discharge  |       |     7 ||     7
       Swiftness         |       |     1 ||     1
Evoke: Wand              |     2 |    10 ||    12
  Use: Scroll            |     3 |     5 ||     8
       Potion            |       |     6 ||     6
 Stab: Sleeping          |       |     6 ||     6
  Eat: Chunk             |     7 |     5 ||    12
